TOP OF THE 1ST |
Madison Brewers batting - Pitching for Houston Colt .45's : RHP Pat Fertig
|
Pitching: RHP Pat Fertig
|
|
Batting: RHB Brent Campbell
|
0-0: Called Strike 0-1: Ball 1-1: Ball 2-1: Ground out 5-3 (Groundball, 56, EV 81.9 MPH)
|
Batting: RHB Micah Christopher
|
0-0: Called Strike 0-1: Swinging Strike 0-2: Foul Ball, location: 2F 0-2: Strikes out swinging
|
Batting: LHB Dan Martinez
|
0-0: Ball 1-0: Called Strike 1-1: Ball 2-1: Fly out, F8 (Flyball, 78M, EV 90.6 MPH)
|
Top of the 1st over - 0 runs, 0 hits, 0 errors, 0 left on base; Madison 0 - Houston 0 |
BOTTOM OF THE 1ST |
Houston Colt .45's batting - Pitching for Madison Brewers : RHP Edwin Stapleton
|
Pitching: RHP Edwin Stapleton
|
|
Batting: RHB Jerry Shutt
|
0-0: Called Strike 0-1: Ball 1-1: Foul Ball, location: 2F 1-2: Strikes out swinging, 2-3 out at first.
|
Batting: RHB Alex Gonzales
|
0-0: Foul Ball, location: 2F 0-1: Called Strike 0-2: Foul Ball, location: 2F 0-2: Ball 1-2: Ball 2-2: Ball 3-2: Ground out 6-3 (Groundball, 6, EV 99.4 MPH)
|
Batting: LHB Matt Reed
|
0-0: Ball 1-0: Foul Ball, location: 2F 1-1: Swinging Strike 1-2: SINGLE (Line Drive, 9S, EV 102.5 MPH)
|
Batting: LHB Brian Horton
|
0-0: Ball Matt Reed steals 2nd base 1-0: Foul Ball, location: 2F 1-1: Ball 2-1: Foul Ball, location: 2F 2-2: SINGLE (Groundball, 6D, EV 102.5 MPH) Matt Reed to third Runner from 3rd tries for Home, SAFE, no throw by CF
|
Batting: LHB Mike Scarth
|
0-0: Called Strike 0-1: Ball 1-1: Fly out, F8 (Flyball, 8LS, EV 90.0 MPH)
|
Bottom of the 1st over - 1 run, 2 hits, 0 errors, 1 left on base; Madison 0 - Houston 1 |
TOP OF THE 2ND |
Madison Brewers batting - Pitching for Houston Colt .45's : RHP Pat Fertig
|
Batting: RHB Justin Menotti
|
0-0: Swinging Strike 0-1: Ball 1-1: Ball 2-1: Foul Ball, location: 2F 2-2: Ball 3-2: Fly out, F3 (Popup, 3F, EV 66.9 MPH)
|
Batting: RHB Mike Feldhausen
|
0-0: Ball 1-0: Ball 2-0: Fly out, F8 (Line Drive, 8LM, EV 90.0 MPH)
|
Batting: LHB Peter Whistle
|
0-0: Ball 1-0: Fly out, F8 (Flyball, 8RXD, EV 94.4 MPH)
|
Top of the 2nd over - 0 runs, 0 hits, 0 errors, 0 left on base; Madison 0 - Houston 1 |
BOTTOM OF THE 2ND |
Houston Colt .45's batting - Pitching for Madison Brewers : RHP Edwin Stapleton
|
Batting: LHB Josh Basford
|
0-0: SINGLE (Groundball, 4, EV 85.0 MPH) (infield hit)
|
Batting: RHB Brian Clark
|
0-0: Grounds into double play, 5-4-3 (Groundball, 5, EV 94.4 MPH)
|
Batting: RHB Alexis Franco
|
0-0: Called Strike 0-1: Called Strike 0-2: Ball 1-2: Strikes out swinging
|
Bottom of the 2nd over - 0 runs, 1 hit, 0 errors, 0 left on base; Madison 0 - Houston 1 |
TOP OF THE 3RD |
Madison Brewers batting - Pitching for Houston Colt .45's : RHP Pat Fertig
|
Batting: RHB Bobby Ujvari
|
0-0: Ball 1-0: Ball 2-0: Ball 3-0: Base on Balls
|
Batting: RHB Alex Olmeda
|
0-0: Called Strike 0-1: SINGLE (Line Drive, 7S, EV 107.5 MPH) Bobby Ujvari to second Bobby Ujvari to third
|
Batting: RHB Edwin Stapleton
|
0-0: Bunted foul 0-1: Bunted foul 0-2: Sac Bunt to 15S - play at first, batter OUT! 1-4 Alex Olmeda to second
|
Batting: RHB Brent Campbell
|
0-0: Swinging Strike 0-1: Foul Ball, location: 2F 0-2: Ball 1-2: Strikes out swinging
|
Batting: RHB Micah Christopher
|
Balk! Bobby Ujvari scores Alex Olmeda to third 0-0: Swinging Strike 0-1: Ball 1-1: Foul Ball, location: 2F 1-2: Foul Ball, location: 2F 1-2: Reached on error, E5 (Groundball, 56, EV 91.9 MPH) Alex Olmeda scores
|
Batting: LHB Dan Martinez
|
0-0: Called Strike 0-1: Ball 1-1: Foul Ball, location: 2F 1-2: Strikes out swinging
|
Top of the 3rd over - 2 runs, 1 hit, 1 error, 1 left on base; Madison 2 - Houston 1 |
BOTTOM OF THE 3RD |
Houston Colt .45's batting - Pitching for Madison Brewers : RHP Edwin Stapleton
|
Batting: RHB Pat Fertig
|
0-0: Called Strike 0-1: Fly out, F6 (Popup, P, EV 89.4 MPH)
|
Batting: RHB Jerry Shutt
|
0-0: Ball 1-0: Ball 2-0: Ground out 5-3 (Groundball, 56S, EV 79.4 MPH)
|
Batting: RHB Alex Gonzales
|
0-0: Called Strike 0-1: Fly out, F5 (Popup, 25, EV 88.1 MPH)
|
Bottom of the 3rd over - 0 runs, 0 hits, 0 errors, 0 left on base; Madison 2 - Houston 1 |
TOP OF THE 4TH |
Madison Brewers batting - Pitching for Houston Colt .45's : RHP Pat Fertig
|
Batting: RHB Justin Menotti
|
0-0: Ball 1-0: Foul Ball, location: 2F 1-1: Ball 2-1: Foul Ball, location: 2F 2-2: Fly out, F7 (Flyball, 7LSF, EV 84.4 MPH)
|
Batting: RHB Mike Feldhausen
|
0-0: Ball 1-0: SINGLE (Line Drive, 7S, EV 113.1 MPH)
|
Batting: LHB Peter Whistle
|
0-0: Ball 1-0: Swinging Strike 1-1: Ball 2-1: Swinging Strike 2-2: Strikes out swinging
|
Batting: RHB Bobby Ujvari
|
0-0: Foul Ball, location: 2F 0-1: Called Strike 0-2: Strikes out looking
|
Top of the 4th over - 0 runs, 1 hit, 0 errors, 1 left on base; Madison 2 - Houston 1 |
BOTTOM OF THE 4TH |
Houston Colt .45's batting - Pitching for Madison Brewers : RHP Edwin Stapleton
|
Batting: LHB Matt Reed
|
0-0: Ball 1-0: Called Strike 1-1: Called Strike 1-2: Ball 2-2: Ground out 6-3 (Groundball, 6S, EV 81.9 MPH)
|
Batting: LHB Brian Horton
|
0-0: Ball 1-0: Ball 2-0: Ball 3-0: Base on Balls
|
Batting: LHB Mike Scarth
|
0-0: Ball Wild Pitch! Brian Horton to second 1-0: Ball 2-0: Ground out 1-3 (Groundball, 13, EV 62.5 MPH) Brian Horton to third
|
Batting: LHB Josh Basford
|
0-0: SINGLE (Groundball, 15S, EV 67.5 MPH) (infield hit) Brian Horton scores
|
Batting: RHB Brian Clark
|
0-0: Ball 1-0: Called Strike Josh Basford steals 2nd base 1-1: Ground out U3 (Groundball, 34, EV 88.8 MPH)
|
Bottom of the 4th over - 1 run, 1 hit, 0 errors, 1 left on base; Madison 2 - Houston 2 |
TOP OF THE 5TH |
Madison Brewers batting - Pitching for Houston Colt .45's : RHP Pat Fertig
|
Batting: RHB Alex Olmeda
|
0-0: Swinging Strike 0-1: Called Strike 0-2: Strikes out swinging
|
Batting: RHB Edwin Stapleton
|
0-0: Ball 1-0: Swinging Strike 1-1: Ball 2-1: Called Strike 2-2: Strikes out swinging
|
Batting: RHB Brent Campbell
|
0-0: Swinging Strike 0-1: Foul Ball, location: 2F 0-2: Ball 1-2: Ball 2-2: Foul Ball, location: 2F 2-2: Strikes out looking
|
Top of the 5th over - 0 runs, 0 hits, 0 errors, 0 left on base; Madison 2 - Houston 2 |
BOTTOM OF THE 5TH |
Houston Colt .45's batting - Pitching for Madison Brewers : RHP Edwin Stapleton
|
Batting: RHB Alexis Franco
|
0-0: Ball 1-0: Ground out 6-3 (Groundball, 6, EV 81.3 MPH)
|
Batting: RHB Pat Fertig
|
0-0: Called Strike 0-1: Foul Ball, location: 2F 0-2: Fly out, F9 (Flyball, 9LMF, EV 101.3 MPH)
|
Batting: RHB Jerry Shutt
|
0-0: Ball 1-0: Ball 2-0: Ball 3-0: Called Strike 3-1: Ground out 6-3 (Groundball, 6, EV 98.8 MPH)
|
Bottom of the 5th over - 0 runs, 0 hits, 0 errors, 0 left on base; Madison 2 - Houston 2 |
TOP OF THE 6TH |
Madison Brewers batting - Pitching for Houston Colt .45's : RHP Pat Fertig
|
Batting: RHB Micah Christopher
|
0-0: Ball 1-0: Ball 2-0: Called Strike 2-1: Fly out, F1 (Line Drive, P, EV 61.9 MPH)
|
Batting: LHB Dan Martinez
|
0-0: Ball 1-0: Ball 2-0: Called Strike 2-1: Foul Ball, location: 2F 2-2: Strikes out swinging
|
Batting: RHB Justin Menotti
|
0-0: Swinging Strike 0-1: Ball 1-1: Called Strike 1-2: Foul Ball, location: 2F 1-2: Ground out 6-3 (Groundball, 6, EV 106.9 MPH)
|
Top of the 6th over - 0 runs, 0 hits, 0 errors, 0 left on base; Madison 2 - Houston 2 |
BOTTOM OF THE 6TH |
Houston Colt .45's batting - Pitching for Madison Brewers : RHP Edwin Stapleton
|
Batting: RHB Alex Gonzales
|
0-0: Called Strike 0-1: Swinging Strike 0-2: Foul Ball, location: 2F 0-2: Ball 1-2: Strikes out looking
|
Batting: LHB Matt Reed
|
0-0: Ball 1-0: Foul Ball, location: 2F 1-1: Fly out, F6 (Flyball, 6MD, EV 91.9 MPH)
|
Batting: LHB Brian Horton
|
0-0: Foul Ball, location: 2F 0-1: DOUBLE (Flyball, 78D, EV 98.1 MPH)
|
Batting: LHB Mike Scarth
|
0-0: Intentional Walk
|
Batting: LHB Josh Basford
|
0-0: Called Strike 0-1: Ball 1-1: Called Strike 1-2: Strikes out swinging
|
Bottom of the 6th over - 0 runs, 1 hit, 0 errors, 2 left on base; Madison 2 - Houston 2 |
TOP OF THE 7TH |
Madison Brewers batting - Pitching for Houston Colt .45's : RHP Pat Fertig
|
Batting: RHB Mike Feldhausen
|
0-0: Ball 1-0: Called Strike 1-1: Ball 2-1: DOUBLE (Line Drive, 89M, EV 107.5 MPH)
|
Batting: LHB Peter Whistle
|
0-0: Ball 1-0: Ground out 1-3 (Groundball, 23, EV 70.6 MPH) Mike Feldhausen to third
|
Batting: RHB Bobby Ujvari
|
0-0: Called Strike 0-1: Hit by Pitch
|
Batting: RHB Alex Olmeda
|
0-0: Ball 1-0: Swinging Strike 1-1: Ball 2-1: Ground out 5-3 (Groundball, 56S, EV 88.8 MPH) Bobby Ujvari to second
|
Batting: RHB Edwin Stapleton
|
0-0: Foul Ball, location: 2F 0-1: Foul Ball, location: 2F 0-2: Ball 1-2: Strikes out looking
|
Top of the 7th over - 0 runs, 1 hit, 0 errors, 2 left on base; Madison 2 - Houston 2 |
BOTTOM OF THE 7TH |
Houston Colt .45's batting - Pitching for Madison Brewers : RHP Edwin Stapleton
|
Batting: RHB Brian Clark
|
0-0: Called Strike 0-1: Ball 1-1: Ball 2-1: Ball 3-1: Fly out, F8 (Flyball, 8LM, EV 90.6 MPH)
|
Batting: RHB Alexis Franco
|
0-0: Swinging Strike 0-1: SINGLE (Groundball, 34D, EV 107.5 MPH)
|
Batting: RHB Pat Fertig
|
0-0: Bunted foul 0-1: Sac Bunt to 15S - play at first, batter OUT! 1-4 Alexis Franco to second
|
Pitching: LHP Alex Mercado
|
|
Batting: RHB Jerry Shutt
|
0-0: Fly out, F8 (Flyball, 8LD, EV 100.0 MPH)
|
Bottom of the 7th over - 0 runs, 1 hit, 0 errors, 1 left on base; Madison 2 - Houston 2 |
TOP OF THE 8TH |
Madison Brewers batting - Pitching for Houston Colt .45's : RHP Pat Fertig
|
Batting: RHB Brent Campbell
|
0-0: Called Strike 0-1: Swinging Strike 0-2: SINGLE (Line Drive, 78M, EV 94.4 MPH)
|
Batting: RHB Micah Christopher
|
0-0: Bunt - Flyout to 25! F5
|
Batting: LHB Dan Martinez
|
0-0: Ball 1-0: Foul Ball, location: 2F 1-1: Ball 2-1: SINGLE (Groundball, 25, EV 74.4 MPH) (infield hit) Brent Campbell to second
|
Batting: RHB Justin Menotti
|
0-0: Ball 1-0: SINGLE (Line Drive, 5D, EV 95.6 MPH) Brent Campbell to third Dan Martinez to second
|
Batting: RHB Mike Feldhausen
|
0-0: Called Strike 0-1: Ball 1-1: Foul Ball, location: 2F 1-2: Strikes out swinging
|
Batting: LHB Peter Whistle
|
0-0: Called Strike 0-1: Ground out 3-1 (Groundball, 34, EV 83.1 MPH)
|
Top of the 8th over - 0 runs, 3 hits, 0 errors, 3 left on base; Madison 2 - Houston 2 |
BOTTOM OF THE 8TH |
Houston Colt .45's batting - Pitching for Madison Brewers : LHP Alex Mercado
|
Batting: RHB Alex Gonzales
|
0-0: Fly out, F4 (Flyball, 34D, EV 89.4 MPH)
|
Batting: LHB Matt Reed
|
0-0: Called Strike 0-1: Called Strike 0-2: Strikes out swinging
|
Batting: LHB Brian Horton
|
0-0: Called Strike 0-1: Ball 1-1: Foul Ball, location: 2F 1-2: Foul Ball, location: 2F 1-2: Strikes out looking
|
Bottom of the 8th over - 0 runs, 0 hits, 0 errors, 0 left on base; Madison 2 - Houston 2 |
TOP OF THE 9TH |
Madison Brewers batting - Pitching for Houston Colt .45's : RHP Pat Fertig
|
Pitching: LHP Dusty Braun
|
|
Pinch Hitting: RHB Brock Rowling
|
0-0: Ball 1-0: Ground out 1-3 (Groundball, 15S, EV 68.8 MPH)
|
Batting: RHB Alex Olmeda
|
0-0: Ball 1-0: Foul Ball, location: 2F 1-1: Called Strike 1-2: Foul Ball, location: 2F 1-2: Fly out, F2 (Popup, 23F, EV 92.5 MPH)
|
Pinch Hitting: LHB Danny Brooks
|
0-0: Ground out 1-3 (Groundball, 13S, EV 63.1 MPH)
|
Top of the 9th over - 0 runs, 0 hits, 0 errors, 0 left on base; Madison 2 - Houston 2 |
BOTTOM OF THE 9TH |
Houston Colt .45's batting - Pitching for Madison Brewers : LHP Alex Mercado
|
Pitching: RHP Andy Converse
|
|
Now in LF: Jay Clyne
|
|
Batting: LHB Mike Scarth
|
0-0: Ground out 3-1 (Groundball, 34S, EV 64.4 MPH)
|
Pinch Hitting: LHB Brad Bobbitt
|
0-0: Swinging Strike 0-1: Fly out, F9 (Flyball, 9LD, EV 97.5 MPH)
|
Pinch Hitting: RHB Jose Matias
|
0-0: Ball 1-0: Fly out, F8 (Flyball, 8LM, EV 85.0 MPH)
|
Bottom of the 9th over - 0 runs, 0 hits, 0 errors, 0 left on base; Madison 2 - Houston 2 |
TOP OF THE 10TH |
Madison Brewers batting - Pitching for Houston Colt .45's : LHP Dusty Braun
|
Now at 2B: Nathan Schintz
|
|
Now in RF: Chris Cooper
|
|
Pinch Hitting: RHB Rich Perez
|
0-0: Foul Ball, location: 2F 0-1: Ball 1-1: Ball 2-1: Called Strike 2-2: Strikes out swinging
|
Pinch Hitting: RHB Chris Sinclair
|
0-0: Ball 1-0: Ball 2-0: Ball 3-0: Base on Balls
|
Batting: LHB Dan Martinez
|
0-0: Called Strike 0-1: Ball 1-1: Called Strike 1-2: Strikes out swinging
|
Batting: RHB Justin Menotti
|
0-0: Ball 1-0: Called Strike 1-1: Fly out, F8 (Flyball, 8LD, EV 89.4 MPH)
|
Top of the 10th over - 0 runs, 0 hits, 0 errors, 1 left on base; Madison 2 - Houston 2 |
BOTTOM OF THE 10TH |
Houston Colt .45's batting - Pitching for Madison Brewers : RHP Andy Converse
|
Now at 1B: Ron Wynn
|
|
Now at SS: Evan Davis
|
|
Pinch Hitting: LHB Gabe Schaub
|
0-0: Ball 1-0: Ground out U3 (Groundball, 3, EV 102.5 MPH)
|
Batting: LHB Dusty Braun
|
0-0: Ball 1-0: Called Strike 1-1: Ground out 4-3 (Groundball, 4, EV 109.4 MPH)
|
Pinch Hitting: LHB Eddie Valdez
|
0-0: Ground out U3 (Groundball, 3, EV 100.6 MPH)
|
Bottom of the 10th over - 0 runs, 0 hits, 0 errors, 0 left on base; Madison 2 - Houston 2 |
TOP OF THE 11TH |
Madison Brewers batting - Pitching for Houston Colt .45's : LHP Dusty Braun
|
Pitching: LHP Peter Guiton
|
|
Now at C: Alex Oliveros
|
|
Now at SS: Cory Page
|
|
Batting: RHB Mike Feldhausen
|
0-0: Called Strike 0-1: Foul Ball, location: 2F 0-2: Strikes out swinging
|
Pinch Hitting: LHB Myles Bridges
|
0-0: Called Strike 0-1: Ball 1-1: Ball 2-1: DOUBLE (Line Drive, 9D, EV 93.1 MPH)
|
Batting: RHB Jay Clyne
|
0-0: Foul Ball, location: 2F 0-1: Ball 1-1: Ball 2-1: Ground out 4-3 (Groundball, 4S, EV 88.1 MPH) Myles Bridges to third
|
Batting: RHB Alex Olmeda
|
0-0: Ball 1-0: Foul Ball, location: 2F 1-1: Ball 2-1: Foul Ball, location: 2F 2-2: Fly out, F8 (Flyball, 89D, EV 96.9 MPH)
|
Top of the 11th over - 0 runs, 1 hit, 0 errors, 1 left on base; Madison 2 - Houston 2 |
BOTTOM OF THE 11TH |
Houston Colt .45's batting - Pitching for Madison Brewers : RHP Andy Converse
|
Now in RF: Myles Bridges
|
|
Pinch Hitting: LHB Bülent Saffet
|
0-0: Ball 1-0: Ball 2-0: Ball 3-0: Base on Balls
|
Batting: LHB Matt Reed
|
0-0: Ball 1-0: Called Strike 1-1: Ball 2-1: SINGLE (Line Drive, 8LS, EV 107.5 MPH) Bülent Saffet to second
|
Batting: LHB Brian Horton
|
0-0: Foul Ball, location: 2F 0-1: Swinging Strike 0-2: Ball 1-2: Ball 2-2: Grounds into double play, 4-6-3 (Groundball, 4, EV 102.5 MPH) Bülent Saffet to third
|
Batting: LHB Mike Scarth
|
0-0: Intentional Walk
|
Pinch Hitting: LHB Matt Oakley
|
0-0: Ball 1-0: Ball Passed Ball! Bülent Saffet scores
|
|
Game Over ... Houston defeats Madison, 3 to 2
|
|
|
Tuesday, September 13th , 2022 - OOTP Baseball 23.7 Build 88
|
|